 Dungeon Crawl Stone Soup version 0.29.1-1-gd02db6906a (webtiles) character file.

Game seed: 14478991915151418507

753 sankara the Cleaver (level 7, -17/63 HPs)
             Began as a Hill Orc Fighter on Oct 20, 2022.
             Demolished by a two-headed ogre
             ... wielding a +0 giant club
              (24 damage)
             ... on level 5 of the Dungeon.
             The game lasted 00:07:44 (5058 turns).

sankara the Cleaver (Hill Orc Fighter)              Turns: 5058, Time: 00:07:44

Health: -17/63     AC: 12    Str: 19    XL:     7   Next: 79%
Magic:  7/7        EV:  9    Int:  8    God:
Gold:   202        SH:  5    Dex: 12    Spells: 6/6 levels left

rFire   . . .      SeeInvis .   a - +0 war axe
rCold   . . .      Faith    .   c - +0 buckler
rNeg    . . .      Spirit   .   b - +0 scale mail
rPois   .          Reflect  .   B - +1 helmet
rElec   .          Harm     .   v - +0 cloak
rCorr   .          Rampage  .   (no gloves)
Will    .....                   s - +0 pair of boots
Stlth   ..........              (no amulet)
HPRegen 0.20/turn               (no ring)
MPRegen 0.10/turn               (no ring)

@: no status effects
A: no striking features
a: no special abilities


You were on level 5 of the Dungeon.
You visited 1 branch of the dungeon, and saw 5 of its levels.

You collected 337 gold pieces.
You spent 135 gold pieces at shops.

Inventory:

Hand Weapons
 a - a +0 war axe (weapon)
 D - a +0 sling
Missiles
 i - 49 stones
 o - 5 datura-tipped darts
 w - 8 poisoned darts (quivered)
 F - 5 javelins
Armour
 b - a +0 scale mail (worn)
 c - a +0 buckler (worn)
 r - an orb of light
 s - a +0 pair of boots (worn)
 v - a +0 cloak (worn)
 B - a +1 helmet (worn)
Wands
 l - a wand of flame (10)
 m - a wand of charming (2)
 z - a wand of light (11)
Scrolls
 f - a scroll of enchant weapon {unknown}
 g - 3 scrolls of teleportation {unknown}
 k - 4 scrolls of identify {unknown}
 p - a scroll of enchant armour {unknown}
 t - a scroll of magic mapping {unknown}
 x - 2 scrolls of fear {unknown}
 y - 3 scrolls of blinking {unknown}
 C - a scroll of vulnerability {unknown}
 G - a scroll of poison {unknown}
Potions
 d - a potion of might
 e - a potion of heal wounds
 h - 2 potions of attraction {unknown}
 j - a potion of lignification {unknown}
 n - 3 potions of degeneration {unknown}
 q - a potion of invisibility {unknown}
 u - 2 potions of flight {unknown}
 A - a potion of ambrosia {unknown}
 E - a potion of mutation {unknown}


   Skills:
 + Level 6.0 Fighting
 * Level 8.0 Axes
 + Level 5.4 Armour
 - Level 4.0 Shields


You had 6 spell levels left.
You didn't know any spells.
Your spell library was empty.

Dungeon Overview and Level Annotations

Branches:
Dungeon (5/15)
 Temple: D:4-7

Altars:
Fedhas
Kikubaaqudgha
Makhleb

Shops:
D:4 [


Message History

Press: ? - help, Q - select action, (/) - cycle Shift-Dir - straight line, f/p - two-headed ogre
Aim: a two-headed ogre, wielding a +0 giant club and a +0 giant spiked club (lightly wounded, poisoned, 75% to hit)
You throw a poisoned dart.
The poisoned dart hits the two-headed ogre.
The two-headed ogre looks even sicker.
The two-headed ogre is lightly wounded.
The two-headed ogre attacks as you move away!
The two-headed ogre hits you with a +0 giant club!
You block the two-headed ogre's attack.
A jelly comes into view.
Found a mace.
Aiming: Throw Flame
Press: ? - help, Shift-Dir - straight line, f/p - two-headed ogre
Aim: a two-headed ogre, wielding a +0 giant club and a +0 giant spiked club (lightly wounded, poisoned, 85% to hit)
The puff of flame hits the two-headed ogre.
The two-headed ogre is lightly wounded.
You barely miss the two-headed ogre.
The two-headed ogre is lightly wounded.
The two-headed ogre hits you with a +0 giant club.
The two-headed ogre hits you with a +0 giant spiked club!
You barely miss the two-headed ogre.
The two-headed ogre is moderately wounded.
The two-headed ogre barely misses you.
The two-headed ogre hits you with a +0 giant spiked club!!
* * * LOW HITPOINT WARNING * * *
You are too injured to fight recklessly!
You are too injured to fight recklessly!
You slash the two-headed ogre!
The two-headed ogre is heavily wounded.
The two-headed ogre hits you with a +0 giant club!
* * * LOW HITPOINT WARNING * * *
The two-headed ogre hits you with a +0 giant spiked club.
* * * LOW HITPOINT WARNING * * *
You slash the two-headed ogre!
The two-headed ogre is heavily wounded.
You hit the two-headed ogre but do no damage.
The two-headed ogre is heavily wounded.
The two-headed ogre looks more healthy.
The two-headed ogre barely misses you.
The two-headed ogre hits you with a +0 giant spiked club!!
You die...

..)... ###.## ......
#....## ......
......# ...... #....#
......####.#.###
#.........#
#J###.###.# #'# #O#
#.## #.# #@# #..# #.#
#.# ##.# ##.###.# #(#
##...##.####.##.#
#.....#.....(...#
.####....##....((####
............######
.####.#.##### # #.#


You could see a two-headed ogre and a jelly.

Vanquished Creatures
  Blork the orc (D:5)
  A bullfrog (D:5)
  2 scorpions (D:4)
  A jelly (D:5)
  2 orc priests
  A gnoll bouda (D:4)
  Crazy Yiuf (D:2)
  Ijyb (D:3)
  2 iguanas
  A hound skeleton (D:2)
  Robin (D:2)
  5 gnolls (D:4)
  6 adders
  An ufetubus (D:5)
  A worm (D:2)
  An adder skeleton (D:2)
  2 dart slugs
  7 orcs
  8 ball pythons
  7 bats
  A bat skeleton (D:2)
  8 endoplasms
  A giant cockroach (D:4)
  18 goblins
  10 hobgoblins
  6 jackals (D:1)
  10 kobolds
  7 quokkas
  A ball python skeleton (D:2)
  4 frilled lizards
  A quokka skeleton (D:2)
  9 rats
128 creatures vanquished.

Vanquished Creatures (others)
  An orc wizard (D:5)
  A plant (D:1)
  A withered plant (D:2)
3 creatures vanquished.

Grand Total: 131 creatures vanquished

Notes
Turn   | Place    | Note
-------+----------+-------------------------------------------
     0 | D:1      | sankara the Hill Orc Fighter began the quest for the Orb.
     0 | D:1      | Reached XP level 1. HP: 19/19 MP: 1/1
    55 | D:1      | Reached skill level 3 in Axes
    58 | D:1      | Reached XP level 2. HP: 21/27 MP: 2/2
   480 | D:1      | Reached XP level 3. HP: 32/33 MP: 3/3
  1190 | D:2      | Reached skill level 4 in Axes
  1249 | D:2      | Reached XP level 4. HP: 40/40 MP: 4/4
  1261 | D:2      | Noticed Robin
  1284 | D:2      | Killed Robin
  1471 | D:2      | Reached XP level 5. HP: 47/47 MP: 5/5
  1508 | D:2      | Reached skill level 5 in Axes
  1695 | D:2      | Found a faded altar of an unknown god.
  2295 | D:2      | Identified the +1 short sword of Dithmenos's Whim {venom,
                  | rN+}
  2314 | D:2      | Found a runed translucent door.
  2315 | D:2      | Noticed Crazy Yiuf
  2327 | D:2      | HP: 2/47 [Crazy Yiuf/+2 quarterstaff of chaos (4)]
  2335 | D:2      | Killed Crazy Yiuf
  2707 | D:3      | Found an ancient bone altar of Kikubaaqudgha.
  3016 | D:3      | Noticed Ijyb
  3023 | D:3      | Killed Ijyb
  3024 | D:3      | Reached XP level 6. HP: 50/55 MP: 6/6
  3356 | D:3      | Reached skill level 5 in Fighting
  3356 | D:3      | Reached skill level 6 in Axes
  3485 | D:4      | Found Tanyijas's Antique Armour Shop.
  3492 | D:4      | Bought a runed helmet for 135 gold pieces
  3526 | D:4      | Found a blossoming altar of Fedhas.
  3745 | D:4      | Reached skill level 7 in Axes
  3745 | D:4      | Reached XP level 7. HP: 39/61 MP: 7/7
  3751 | D:4      | Reached skill level 5 in Armour
  4094 | D:4      | Found a burning altar of Makhleb.
  4198 | D:5      | Entered Level 5 of the Dungeon
  4222 | D:5      | Noticed Blork the orc
  4236 | D:5      | Killed Blork the orc
  4812 | D:5      | Reached skill level 8 in Axes
  5040 | D:5      | Noticed a two-headed ogre
  5058 | D:5      | Demolished by a two-headed ogre

Illustrated notes

Levels and vault maps discovered:
D:1:      ebering_trefoil_3fold, layout_loops_corners, hangedman_feature_mirror,
          serial_bayou_crossing
D:2:      layout_basic, chequers_ecumenical_altar_grove, serial_undead,
          serial_undead_f, serial_undead_c, serial_undead_f, serial_undead_e,
          serial_undead_b, serial_undead_e, uniq_crazy_yiuf_cottage, uniq_robin
D:3:      layout_basic, kiku_gazebo_pond_becter, grunt_ministairs_14, uniq_ijyb
D:4:      layout_basic, fedhas_ov_isle_minmay, general_overflow_altar,
          serial_shops, shop, kennysheep_windowed_goal
D:5:      layout_loops_corners, uniq_blork_the_orc

Skill      XL: |  1  2  3  4  5  6  7 |
---------------+----------------------+-----
Axes           | 3 4 5 7 8 |  8.0
Fighting       | 4 5 6 |  6.0
Armour         | 4 5 |  5.4
Shields        | 4 |  4.0

Action                   |  1- 3 |  4- 6 |  7- 9 || total
-------------------------+-------+-------+-------++-------
Melee: War axe           |   108 |   192 |    84 ||   384
Throw: Dart              |       |       |     4 ||     4
Evoke: Wand              |       |       |     1 ||     1
  Use: Potion            |       |     2 |       ||     2
Armor: Scale mail        |    61 |   114 |    43 ||   218
Dodge: Dodged            |    54 |   113 |    45 ||   212
Block: Buckler           |    22 |    52 |    21 ||    95
